 Dungeon Crawl Stone Soup version 0.18.1-50-g88ac8fd (webtiles) character file.

13188 Monkfish the Unseen (level 11, 16/50 HPs)
             Began as a Felid Berserker on Oct 23, 2016.
             Was a High Priest of Trog.
             Quit the game on level 1 of the Lair of Beasts on Oct 24, 2016.
             The game lasted 00:23:48 (14260 turns).

Monkfish the Unseen (Felid Berserker)              Turns: 14260, Time: 00:23:49

Health: 16/50      AC:  2    Str: 14    XL:     11   Next: 72%
Magic:  13/13      EV: 30    Int:  8    God:    Trog [*****.]
Gold:   872        SH:  0    Dex: 19    Spells: 0 memorised, 10 levels left
                                        Lives:  0   Deaths: 3

rFire  . . .     SeeInvis +       - Unarmed
rCold  . . .     Gourm    .     (armour unavailable)
rNeg   . . .     Faith    +     (shield unavailable)
rPois  +         Spirit   .     (helmet unavailable)
rElec  .         Dismiss  .     (cloak unavailable)
rCorr  .         Reflect  .     (gloves unavailable)
SustAt .         Harm     .     (boots unavailable)
MR     +....                    n - amulet of faith
Stlth  ++++++++..               (no ring)
                                k - ring of poison resistance

@: quick, somewhat resistant to hostile enchantments, extraordinarily stealthy
A: no armour, no weapons or thrown items, claws 1, fangs 3, see invisible,
carnivore 3, speed 1, shaggy fur 2, slow metabolism 1, sharp paws
a: Berserk, Trog's Hand, Brothers in Arms, Burn Spellbooks, Renounce Religion


You were on level 1 of the Lair of Beasts.
You worshipped Trog.
Trog was extremely pleased with you.
You were not hungry.

You visited 3 branches of the dungeon, and saw 15 of its levels.

You collected 872 gold pieces.

Inventory:

Jewellery
 k - a ring of poison resistance (left paw)
 n - an amulet of faith (around neck)
 o - an uncursed amulet of guardian spirit
 z - an uncursed amulet of regeneration
Wands
 g - a wand of teleportation (4/9)
 l - a wand of flame (32/48)
 p - a wand of slowing (8/48)
 s - a wand of iceblast (0/15)
 t - a wand of random effects (14/48)
 u - a wand of random effects (34/48)
 x - a wand of digging (9/24)
 A - a wand of lightning (5/15)
Scrolls
 b - 11 scrolls of magic mapping
 f - 8 scrolls of remove curse
 h - 2 scrolls of teleportation
 q - 2 scrolls of identify
 v - a scroll of summoning {unknown}
 w - a scroll of fear
Potions
 d - 4 potions of haste
 e - 7 potions of curing
 i - 3 potions of flight
 r - a potion of heal wounds
 B - a potion of magic
 D - a potion of agility {unknown}
Miscellaneous
 C - a crystal ball of energy
Comestibles
 a - 5 meat rations
 c - a royal jelly
 j - 4 beef jerkies
 m - 7 slices of pizza


   Skills:
 + Level 7.6 Fighting
 + Level 13.1 Dodging
 * Level 17.3 Stealth
 + Level 9.8 Unarmed Combat
 + Level 1.8 Evocations


You had 10 spell levels left.
You didn't know any spells.

Dungeon Overview and Level Annotations

Branches:
Dungeon (12/15)            Temple (0/1) D:4            Lair (1/8) D:8
    Orc (2/2) D:11            Elf (0/3) Orc:2

Altars:
Cheibriados
Dithmenos
Gozag
Makhleb
Nemelex Xobeh
Okawaru
Ru
Vehumet

Shops:
Orc:2 ?

Portals:
Trove: D:10 (give 2 scrolls of acquirement)

Annotations:
D:12 exclusion: ugly thing


Innate Abilities, Weirdness & Mutations

You cannot wear armour.
You are incapable of wielding weapons or throwing items.
You have sharp claws.
You have razor-sharp teeth.
You have supernaturally acute eyesight.
You are carnivorous and can eat meat at any time.
You cover ground quickly.
You are covered in thick fur (AC +2).
You have a slow metabolism.
Your sharp claws are effective at attacking unaware monsters.


Message History

The porcupine is severely wounded.
The porcupine completely misses you.
You are struck by the porcupine's spines.
* * * LOW HITPOINT WARNING * * *
You scratch the porcupine but do no damage.
The porcupine is severely wounded.
The porcupine barely misses you.
You claw the porcupine!
You kill the porcupine!
Trog accepts your kill.
You start resting.
A blink frog comes into view.
A blink frog is nearby!
A blink frog is nearby!
You are too injured to fight recklessly!
Unknown command.
A spiny frog comes into view.
Found a scroll of recharging.
You see here a scroll of recharging.
Are you sure you want to abandon this character and quit the game? (Confirm with "yes".)

#...... #....# ## #....#
P #....## . #.....# . ##
##...†######
#.####.######...........
#.......................
#......@................
P.......................
........................
######F#######..######.#
## #### ###


You could see a spiny frog (sleeping).

Vanquished Creatures
  Erolcha (D:10)
  A hydra (D:8)
  4 hill giants
  A cyclops (D:8)
  A centaur skeleton (D:12)
  A spiny frog (Lair:1)
  A tengu conjurer (D:10)
  3 trolls
  4 two-headed ogres
  A shadow (D:11)
  A hill giant zombie (D:11)
  8 yaks
  A wraith (D:11)
  A hungry ghost (D:11)
  2 hippogriffs
  A warg (Orc:2)
  A water moccasin (D:11)
  A porcupine (Lair:1)
  5 orc warriors
  6 ice beasts
  A sky beast (D:8)
  A black bear (D:9)
  A necrophage (D:8)
  An eye of draining (D:10)
  8 ogres
  4 phantoms
  6 centaurs
  A crocodile (Lair:1)
  4 big kobolds (D:8)
  4 giant frogs
  6 scorpions
  2 water moccasin skeletons
  2 troll zombies (D:11)
  6 killer bees (D:12)
  4 howler monkeys
  10 wights
  4 crimson imps
  3 giant frog zombies
  3 quasits
  2 giant frog skeletons
  5 hounds
  2 jellies
  9 orc priests
  11 orc wizards
  4 iguanas
  9 worker ants
  2 sheep (D:8)
  5 ogre zombies (D:11)
  A hound skeleton (D:7)
  3 worker ant zombies
  8 gnolls
  9 adders
  2 shadow imps
  2 oozes
  An adder zombie (D:8)
  3 adder skeletons
  3 worms
  6 giant geckos
  51 orcs
  11 bats
  4 giant cockroaches
  9 goblins
  3 hobgoblins
  2 jackals (D:4)
  9 kobolds
  8 quokkas
  A ball python (D:3)
  6 giant newts
  A goblin skeleton (D:11)
  3 goblin zombies (D:11)
  4 hobgoblin zombies (D:11)
  A jackal zombie (D:7)
  4 orc skeletons (D:11)
  13 orc zombies (D:11)
  6 rats
339 creatures vanquished.

Vanquished Creatures (collateral kills)
  A hydra (Lair:1)
  An orc high priest (Orc:2)
  3 orc knights (Orc:2)
  2 orc sorcerers (Orc:2)
  A komodo dragon (Lair:1)
  3 trolls (Orc:2)
  A mottled dragon (D:10)
  A water moccasin (Lair:1)
  5 orc warriors
  4 ogres
  A crimson imp (D:10)
  2 orc priests
  3 orc wizards (Orc:1)
  A gnoll (D:10)
  7 orcs
36 creatures vanquished.

Vanquished Creatures (others)
  A fungus (Orc:2)
1 creature vanquished.

Grand Total: 376 creatures vanquished

Notes
Turn   | Place    | Note
--------------------------------------------------------------
     0 | D:1      | Monkfish the Felid Berserker began the quest for the Orb.
     0 | D:1      | Reached XP level 1. HP: 10/10 MP: 2/2
   179 | D:1      | Reached XP level 2. HP: 13/14 MP: 3/3
   225 | D:1      | Reached skill level 1 in Stealth
   504 | D:1      | Reached ** piety under Trog
   661 | D:2      | Reached XP level 3. HP: 17/17 MP: 4/4
   763 | D:2      | Reached skill level 2 in Stealth
   787 | D:2      | Found a burning altar of Makhleb.
  1122 | D:2      | Found an opulent altar of Gozag.
  1158 | D:2      | Reached skill level 3 in Stealth
  1158 | D:2      | Reached XP level 4. HP: 21/21 MP: 5/5
  1833 | D:3      | Reached skill level 4 in Stealth
  1963 | D:3      | Reached *** piety under Trog
  2213 | D:4      | Reached XP level 5. HP: 25/25 MP: 6/6
  2348 | D:4      | Reached skill level 5 in Dodging
  2494 | D:4      | Found a staircase to the Ecumenical Temple.
  2723 | D:4      | Noticed an ogre
  2729 | D:4      | Killed an ogre
  2729 | D:4      | Reached skill level 5 in Stealth
  2839 | D:4      | Reached skill level 6 in Stealth
  2839 | D:4      | Gained mutation: You are covered in thick fur (AC +2). [Felid growth]
  2839 | D:4      | Reached XP level 6. HP: 28/28 MP: 7/7
  2898 | D:4      | Slain by an ogre
  2899 | D:4      | Reached XP level 5. HP: -1/25 MP: 6/6
  3169 | D:5      | Entered Level 5 of the Dungeon
  3821 | D:5      | Reached skill level 7 in Stealth
  3821 | D:5      | Reached XP level 6. HP: 28/28 MP: 7/7
  3851 | D:5      | Reached **** piety under Trog
  4028 | D:5      | Reached skill level 8 in Stealth
  4028 | D:5      | Reached XP level 7. HP: 12/33 MP: 8/8
  4478 | D:6      | Found a sparkling altar of Nemelex Xobeh.
  4696 | D:6      | Reached skill level 9 in Stealth
  5266 | D:6      | Reached XP level 8. HP: 26/36 MP: 9/9
  5369 | D:6      | Reached skill level 10 in Stealth
  5550 | D:7      | Found an iron altar of Okawaru.
  5550 | D:7      | Found a shadowy altar of Dithmenos.
  5551 | D:7      | Found a sacrificial altar of Ru.
  5594 | D:7      | Found a radiant altar of Vehumet.
  5894 | D:7      | Found a snail-covered altar of Cheibriados.
  5947 | D:7      | Reached ***** piety under Trog
  5947 | D:7      | Reached skill level 5 in Unarmed Combat
  6032 | D:7      | Reached skill level 11 in Stealth
  6900 | D:8      | Reached skill level 5 in Fighting
  6964 | D:8      | Reached skill level 12 in Stealth
  6964 | D:8      | Reached XP level 9. HP: 40/40 MP: 10/10
  7378 | D:8      | Noticed a hill giant
  7390 | D:8      | Killed a hill giant
  7521 | D:8      | Reached skill level 13 in Stealth
  7689 | D:8      | Noticed a two-headed hydra
  7696 | D:8      | HP: 2/61 [two-headed hydra (5)]
  7700 | D:8      | Killed a two-headed hydra
  7700 | D:8      | Reached XP level 10. HP: 2/45 MP: 11/11
  7702 | D:8      | Slain by a big kobold
  7703 | D:8      | Reached XP level 9. HP: 0/61 MP: 10/10
  7706 | D:8      | Reached skill level 1 in Evocations
  7880 | D:8      | Reached skill level 14 in Stealth
  7979 | D:8      | Noticed a cyclops
  7989 | D:8      | Killed a cyclops
  7989 | D:8      | Reached skill level 10 in Dodging
  7990 | D:8      | Found a staircase to the Lair.
  8544 | D:9      | Reached XP level 10. HP: 44/44 MP: 11/11
  9587 | D:10     | Entered Level 10 of the Dungeon
  9635 | D:10     | Found a portal to a secret trove of treasure.
  9772 | D:10     | Noticed a hill giant
  9778 | D:10     | Demolished by a hill giant
  9779 | D:10     | Reached XP level 9. HP: -16/41 MP: 10/10
  9962 | D:10     | Noticed a tengu conjurer
  9976 | D:10     | Killed a tengu conjurer
  9980 | D:10     | Killed a hill giant
  9986 | D:10     | Identified the Guide on Moulding and the Rocks
 10147 | D:10     | Noticed Erolcha
 10149 | D:10     | Killed Erolcha
 10149 | D:10     | Reached skill level 15 in Stealth
 10149 | D:10     | Reached XP level 10. HP: 46/46 MP: 12/12
 10636 | D:11     | Reached ****** piety under Trog
 11113 | D:11     | Found a staircase to the Orcish Mines.
 12087 | D:11     | Noticed a hill giant
 12092 | D:11     | Killed a hill giant
 12098 | D:11     | Noticed a hill giant
 12116 | D:11     | Killed a hill giant
 12116 | D:11     | Reached skill level 16 in Stealth
 12116 | D:11     | Reached XP level 11. HP: 50/50 MP: 13/13
 12274 | D:12     | Noticed a cyan ugly thing
 12831 | D:12     | Noticed an eight-headed hydra
 13077 | Orc:1    | Entered Level 1 of the Orcish Mines
 13393 | Orc:2    | Entered Level 2 of the Orcish Mines
 13394 | Orc:2    | Found Zairezoj's Magic Scroll Shop.
 13395 | Orc:2    | Found a staircase to the Elven Halls.
 13422 | Orc:2    | Noticed an orc knight
 13432 | Orc:2    | Killed an orc knight
 13448 | Orc:2    | Noticed an orc high priest
 13450 | Orc:2    | Noticed an orc knight
 13450 | Orc:2    | Noticed an orc sorcerer
 13454 | Orc:2    | Killed an orc high priest
 13455 | Orc:2    | Killed an orc sorcerer
 13458 | Orc:2    | Killed an orc knight
 13465 | Orc:2    | Noticed an orc warlord
 13465 | Orc:2    | Noticed an orc knight
 13465 | Orc:2    | Noticed an orc knight
 13467 | Orc:2    | Noticed an orc sorcerer
 13469 | Orc:2    | Killed an orc knight
 13469 | Orc:2    | Reached skill level 17 in Stealth
 13471 | Orc:2    | Noticed an orc high priest
 13473 | Orc:2    | Killed an orc sorcerer
 13715 | Lair:1   | Entered Level 1 of the Lair of Beasts
 14077 | Lair:1   | Noticed a seven-headed hydra
 14103 | Lair:1   | Killed a seven-headed hydra
 14260 | Lair:1   | Quit the game

Skill      XL: |  1  2  3  4  5  6  7  8  9 10 11 |
---------------+----------------------------------+-----
Stealth        | 1 3 4 7 8 9 12 15 16 17 | 17.3
Dodging        | 5 6 8 10 12 13 | 13.1
Fighting       | 4 5 6 7 |  7.6
Unarmed Combat | 4 5 7 9 |  9.8
Evocations     | 1 |  1.8

Action                   |  1- 3 |  4- 6 |  7- 9 | 10-12 || total
-------------------------+-------+-------+-------+-------++-------
Melee: Unarmed           |    78 |   179 |   354 |   405 ||  1016
       Bite              |     3 |    17 |    35 |    67 ||   122
       Punch             |       |     3 |     8 |    17 ||    28
Invok: Berserk           |       |     7 |    15 |    17 ||    39
       Trog's Hand       |       |       |     2 |     7 ||     9
       Burn Spellbooks   |       |       |     2 |     2 ||     4
       Brothers in Arms  |       |       |     1 |     6 ||     7
Evoke: Wand              |       |       |     4 |    12 ||    16
  Use: Scroll            |     7 |     7 |     9 |     1 ||    24
       Potion            |     4 |     2 |     1 |       ||     7
 Stab: Sleeping          |     9 |    19 |    33 |    33 ||    94
       Distracted        |       |       |     5 |     2 ||     7
  Eat: Chunk             |     5 |    16 |    25 |    25 ||    71
       Meat ration       |       |       |       |     1 ||     1
Armor: Skin              |     7 |     2 |    21 |    10 ||    40
Dodge: Dodged            |    86 |   130 |   294 |   422 ||   932
